 Dungeon Crawl Stone Soup version 0.31.0-32-g396128a36d (webtiles) character file.

Game seed: 7084237488952027870

7651 kwasso the Covert (level 11, -1/70 HPs)
             Began as an Octopode Shapeshifter on Apr 5, 2024.
             Was a Follower of Ashenzari.
             Shot with an arrow by a centaur (14 damage)
             ... on level 9 of the Dungeon.
             The game lasted 00:33:01 (9171 turns).

kwasso the Covert (Octopode Shapeshifter)           Turns: 9171, Time: 00:33:01

Health: -1/70      AC:  4    Str: 15    XL:     11   Next: 18%
Magic:  17/17      EV: 13    Int: 16    God:    Ashenzari [*.....]
Gold:   517        SH:  9    Dex: 11    Spells: 13/18 levels left

rFire   . . .        q - +2 dagger "Tethered With Me" {venom, Melee, Fort} (curse)
rCold   . . .        J - +1 kite shield {AC+3}
rNeg    + . .        (helmet currently unavailable)
rPois   .            u - amulet of Ashenzari's Visionary {Regen+, Cun, Bglg} (curse)
rElec   .            N - ring "Ruined Repose" {rN+, Dev, Sorc} (curse)
rCorr   .            (no ring)
SInv    .            (no ring)
Will    .....        (no ring)
Stlth   +++++        (no ring)
HPRegen 1.11/turn    (no ring)
MPRegen 0.15/turn    (no ring)
                     (no ring)

%: no passive effects
@: beast-form
A: beast (slay +4), almost no armour, amphibious, 8 rings, camouflage 1,
gelatinous body 1, (nimble swimmer 1), tentacles
a: Begin Untransformation, Renounce Religion, Curse Item, Shatter the Chains


You were on level 9 of the Dungeon.
You worshipped Ashenzari.
Ashenzari was aware of your devotion.
You were a hulking beast.
You visited 1 branch of the dungeon, and saw 9 of its levels.
You also visited: Bailey.

You collected 517 gold pieces.

Inventory:

Hand Weapons
 q - the cursed +2 dagger "Tethered With Me" (weapon) {venom, Melee, Fort}
   (You found it on level 1 of the Dungeon)

   It has a curse which improves the following skills: Melee Combat: Short
   Blades, Long Blades, Axes, Maces & Flails, Polearms, Staves and Unarmed
   Combat.
   Fortitude: Shields.
 F - a +5 dagger
Missiles
 p - 3 darts of dispersal
 x - 2 throwing nets
 L - 13 poisoned darts (quivered)
 P - 4 curare-tipped darts
Armour
 J - a +1 kite shield of protection (worn)
Jewellery
 e - an amulet of guardian spirit
 u - the cursed amulet of Ashenzari's Visionary (around mantle) {Regen+, Cun, Bglg}
   (You found it on level 2 of the Dungeon)

   [amulet of regeneration]

   Regen+:    It increases your rate of health regeneration.
   It has a curse which improves the following skills: Cunning: Dodging and
   Stealth.
   Beguiling: Hexes and Translocations.
 N - the cursed ring "Ruined Repose" (left tentacle) {rN+, Dev, Sorc}
   (You found it on level 8 of the Dungeon)

   [ring of positive energy]

   rN+:       It protects you from negative energy.
   It has a curse which improves the following skills: Devices: Evocations and
   Shapeshifting.
   Sorcery:   Conjurations and Alchemy.
Talismans
 b - a beast talisman
 c - a flux talisman
 h - a serpent talisman
Wands
 y - a wand of flame (3)
 D - a wand of charming (16)
 K - a wand of quicksilver (5)
 M - a wand of digging (4)
Scrolls
 g - 5 scrolls of teleportation
 i - 2 scrolls of blinking
 k - 6 scrolls of vulnerability
 l - 10 scrolls of identify
 m - 3 scrolls of enchant weapon
 v - a scroll of immolation
 w - a scroll of amnesia
 A - a scroll of fear
 B - a scroll of brand weapon
 H - a scroll of acquirement
 I - a scroll of revelation
 O - a scroll of fog
Potions
 a - 2 potions of lignification
 d - a potion of enlightenment
 f - a potion of haste
 j - a potion of invisibility
 n - a potion of degeneration
 o - 2 potions of brilliance
 r - 4 potions of attraction
 s - a potion of resistance
 t - a potion of mutation
 z - a potion of might
 C - 2 potions of heal wounds
 E - a potion of ambrosia
 G - 2 potions of curing


   Skills:
 + Level 4.7 Fighting
 + Level 6.6(7.4) Short Blades
 + Level 3.0 Throwing
 * Level 6.5(7.3) Dodging
 + Level 9.4(10.2) Stealth
 + Level 1.6(2.2) Shields
 + Level 3.9(4.6) Unarmed Combat
 * Level 4.0 Spellcasting
 * Level 5.0(5.7) Conjurations
 * Level 5.2 Necromancy
 * Level 6.3(7.1) Shapeshifting


You had 13 spell levels left.
You knew the following spells:

 Your Spells              Type           Power      Damage    Failure   Level
a - Kiss of Death         Conj/Necr      80%        2d11      5%          1
b - Dispel Undead         Necr           20%        3d11      52%         4

Your spell library contained the following spells:

 Spells                   Type           Power      Damage    Failure   Level
 Sublimation of Blood     Necr           20%        N/A       10%         2
 Shock                    Conj/Air       48%        1d6       17%         1
 Dazzling Flash           Conj/Hex       24%        N/A       43%         3
 Mephitic Cloud           Conj/Alch/Air  9%         N/A       58%         3
 Confusing Touch          Hex            3%         N/A       83%         3
 Gell's Gravitas          Tloc           3%         N/A       83%         3
 Teleport Other           Tloc           3%         N/A       83%         3
 Tukima's Dance           Hex            3%         N/A       83%         3
 Curse of Agony           Necr           20%        N/A       86%         5
 Passage of Golubria      Tloc           3%         N/A       99%         4
 Petrify                  Alch/Erth      3%         N/A       99%         4
 Summon Lightning Spire   Summ/Air       3%         N/A       99%         4
 Irradiate                Conj/Alch      6%         3d13      99%         5
 Lee's Rapid Deconstruct  Erth           1%         3d4*      100%        5
 Silence                  Hex/Air        1%         N/A       100%        5
 Summon Forest            Summ/Tloc      1%         N/A       100%        5
 Summon Mana Viper        Hex/Summ       3%         N/A       100%        5
 Yara's Violent Unravell  Hex/Alch       1%         3d3       100%        5
 Dispersal                Tloc           1%         N/A       100%        6
 Summon Cactus Giant      Summ           1%         N/A       100%        6
 Animate Armour           Summ/Erth      Unusable   N/A       N/A         4

Dungeon Overview and Level Annotations

Branches:
Dungeon (9/15)             Temple (0/1) D:7          Bailey (visited)
   Lair: D:8-11         Orc: D:9-12

Altars:
Ashenzari
Cheibriados
Dithmenos
Hepliaklqana
Kikubaaqudgha
Makhleb
Okawaru
Trog
Zin
The Shining One

Shops:
D:7 (


Innate Abilities, Weirdness & Mutations

You are a hulking beast.
Your limbs bulge with bestial killing power. (Slay +4)
You cannot wear most types of armour.
You are amphibious.
You can wear up to eight rings at the same time.
Your skin changes colour to match your surroundings (Stealth+).
Your rubbery body absorbs attacks. (AC +1, EV +1)
((You are camouflaged when in or above water. (Stealth+)))
You have tentacles for arms and can constrict up to eight enemies at once.


Message History

The orc is heavily wounded.
You constrict the orc. You block the orc's attack.
A centaur comes into view.
You puncture the orc!
You kill the orc!
The centaur wields a +0 orcbow.
The centaur shoots an arrow.
The arrow hits you! The orc closely misses you.
You barely miss the orc. You grab the orc. You constrict the orc.
The centaur shoots an arrow.
The arrow hits you!
You hit the orc.
The orc is poisoned.
You tentacle-slap the orc.
You kill the orc!
The centaur shoots an arrow.
The arrow hits you!
You are too injured to fight recklessly!
You are too injured to fight recklessly!
You are too injured to fight recklessly!
You are too injured to fight recklessly!
You are too injured to fight recklessly!
You are too injured to fight recklessly!
You are too injured to fight recklessly!
You are too injured to fight recklessly!
You are too injured to fight recklessly!
You are too injured to fight recklessly!
You are too injured to fight recklessly!
You are too injured to fight recklessly!
You are too injured to fight recklessly!
You are too injured to fight recklessly!
You are too injured to fight recklessly!
You are too injured to fight recklessly!
You are too injured to fight recklessly!
You hit the orc.
The orc is poisoned.
You grab the orc.
The orc is lightly wounded.
You constrict the orc.
The centaur shoots an arrow.
The arrow hits you! The orc hits you with a +0 whip.
* * * LOW HITPOINT WARNING * * *
You release your grip on the orc.
The centaur shoots an arrow.
The arrow hits you!
* * * LOW HITPOINT WARNING * * *
The orc closely misses you.
You open the door.
The centaur shoots an arrow.
The arrow hits you!
You die...

#....'.....# ##....'.
####....#......##.....#.
#.....c.#.....##......#.
##)......#######.......##
#....)...................
#.))...(.................
#.....)..................
#......o...........######
#.>...).h..........#.....
#.......#'####.....'.....
#.......#....#.....#.....
#.......#....#.....#.....
#.....).#..).#.....#.....
#.......###)##.....######
#..........).).....).....
#............)...........
#........................


You could see a centaur and an orc (very poisoned).

Vanquished Creatures
  Pikel (D:9)
  2 kobold demonologists (Bailey)
  Maggie (D:9)
  A hornet (D:9)
  A shadow (D:9)
  A wraith (D:8)
  3 yaks (D:9)
  Duvessa (D:7)
  A water moccasin (D:9)
  10 orc warriors
  5 ice beasts
  2 sky beasts
  2 ogres
  2 centaurs
  2 lemures (D:9)
  Blork the orc (D:4)
  2 kobold brigands
  3 scorpions
  5 bullfrogs
  A wyvern skeleton (D:6)
  11 wights
  Dowan (D:7)
  6 killer bees (D:8)
  2 howler monkeys (D:7)
  4 electric eels (Bailey)
  2 bombardier beetles (D:5)
  A centaur zombie (D:6)
  2 jellies
  3 bullfrog zombies (D:6)
  A human zombie (D:6)
  5 orc priests
  3 bullfrog skeletons (D:6)
  2 sleepcaps
  2 gnoll boudas (D:6)
  Ijyb (D:4)
  Natasha (thrice) (D:3)
  7 iguanas
  11 orc wizards
  A killer bee zombie (D:6)
  12 gnolls
  5 adders
  A white imp (D:7)
  2 ribbon worms
  3 dart slugs (D:2)
  38 orcs
  9 ball pythons
  9 endoplasms
  4 giant cockroaches
  20 goblins
  16 hobgoblins
  9 jackals
  9 kobolds
  3 quokkas
  A bat (D:2)
  2 frilled lizards (D:1)
  8 rats
266 creatures vanquished.

Notes
Turn   | Place    | Note
-------+----------+-------------------------------------------
     0 | D:1      | kwasso the Octopode Shapeshifter began the quest for the
                  | Orb.
     0 | D:1      | Reached XP level 1. HP: 13/13 MP: 1/1
   115 | D:1      | Reached XP level 2. HP: 18/18 MP: 2/2
   133 | D:1      | Found a faded altar of an unknown god.
   141 | D:1      | Got Plato's Atlas of Feathers
   142 | D:1      | Prayed at the altar of an unknown god.
   613 | D:1      | Reached XP level 3. HP: 18/23 MP: 1/3
   922 | D:2      | Reached skill level 1 in Stealth
  1125 | D:2      | Reached XP level 4. HP: 25/28 MP: 2/4
  1173 | D:2      | Reached skill level 2 in Stealth
  1649 | D:3      | Noticed Natasha
  1662 | D:3      | Killed Natasha
  1935 | D:3      | Noticed Natasha
  2052 | D:3      | Killed Natasha
  2053 | D:3      | Reached skill level 1 in Short Blades
  2053 | D:3      | Reached skill level 3 in Stealth
  2053 | D:3      | Reached XP level 5. HP: 23/33 MP: 5/5
  2169 | D:3      | Noticed Natasha
  2176 | D:3      | Killed Natasha
  2265 | D:3      | Reached skill level 4 in Stealth
  2265 | D:3      | Reached XP level 6. HP: 28/39 MP: 6/6
  2372 | D:4      | Noticed Ijyb
  2394 | D:4      | Killed Ijyb
  2528 | D:4      | Noticed Blork the orc
  2556 | D:4      | Killed Blork the orc
  2566 | D:4      | Reached skill level 5 in Stealth
  2616 | D:4      | Learned a level 1 spell: Kiss of Death
  2898 | D:4      | Reached XP level 7. HP: 29/45 MP: 7/7
  3193 | D:4      | Reached skill level 6 in Stealth
  3266 | D:5      | Entered Level 5 of the Dungeon
  3937 | D:5      | Found a glowing silver altar of Zin.
  3937 | D:5      | Found an iron altar of Okawaru.
  3938 | D:5      | Found a burning altar of Makhleb.
  3938 | D:5      | Found a shadowy altar of Dithmenos.
  3941 | D:5      | Found a broken altar of Ashenzari.
  3943 | D:5      | Reached skill level 1 in Throwing
  3943 | D:5      | Reached XP level 8. HP: 52/52 MP: 8/8
  3955 | D:5      | Reached skill level 7 in Stealth
  4025 | D:5      | Became a worshipper of Ashenzari the Shackled
  4182 | D:5      | Found a glowing golden altar of the Shining One.
  4378 | D:6      | Reached skill level 1 in Necromancy
  4487 | D:6      | Reached skill level 1 in Conjurations
  4495 | D:6      | Reached skill level 1 in Spellcasting
  4889 | D:6      | Reached XP level 9. HP: 58/58 MP: 11/11
  4894 | D:6      | Found an ancient bone altar of Kikubaaqudgha.
  4905 | D:6      | Reached skill level 5 in Short Blades
  4991 | D:6      | Found a snail-covered altar of Cheibriados.
  5491 | D:6      | Reached skill level 8 in Stealth
  5514 | D:7      | Found Ceanlan's Weapon Boutique.
  5517 | D:7      | Found a staircase to the Ecumenical Temple.
  5611 | D:7      | Noticed a hornet
  5632 | D:7      | Identified the +0 scale mail of Curiosity {rElec Will+
                  | Int+4}
  5731 | D:7      | Noticed Dowan
  5767 | D:6      | Learned a level 4 spell: Dispel Undead
  6187 | D:7      | Noticed Duvessa
  6194 | D:7      | Killed Duvessa
  6197 | D:7      | Killed Dowan
  6198 | D:7      | Reached skill level 5 in Shapeshifting
  6403 | D:8      | Found a flagged portal.
  6420 | Bailey   | Entered a bailey
  6421 | Bailey   | Noticed a kobold demonologist
  6430 | Bailey   | Killed a kobold demonologist
  6443 | Bailey   | Reached XP level 10. HP: 47/63 MP: 14/14
  6547 | Bailey   | Reached skill level 9 in Stealth
  6549 | Bailey   | Reached skill level 5 in Dodging
  6782 | Bailey   | Reached * piety under Ashenzari
  6789 | Bailey   | Identified a scroll of acquirement
  6970 | Bailey   | Found an iron altar of Okawaru.
  6970 | Bailey   | Noticed a kobold demonologist
  7052 | Bailey   | Killed a kobold demonologist
  7292 | D:8      | Found a hazy altar of Hepliaklqana.
  8021 | D:9      | Found a bloodstained altar of Trog.
  8132 | D:9      | Noticed Maggie
  8148 | D:9      | Killed Maggie
  8333 | D:9      | Noticed Pikel
  8400 | D:9      | Reached skill level 1 in Shields
  8410 | D:9      | Reached skill level 5 in Necromancy
  8416 | D:9      | Reached XP level 11. HP: 47/70 MP: 16/16
  8551 | D:9      | Killed Pikel
  8714 | D:9      | Reached skill level 5 in Conjurations
  9171 | D:9      | Shot with an arrow by a centaur

Illustrated notes

Levels and vault maps discovered:
D:1:      moated_graveyard_arrival, layout_loops_ring,
          shapermc_ecumenical_altar_rom_forum, chequers_jeans,
          serial_bayou_pond_e, hex_tiny, nicolae_twisty_statue_hallways
D:2:      layout_loops_ring, chequers_serial_rivers_micro_b
D:3:      layout_rooms, minmay_cut_off, uniq_natasha
D:4:      layout_loops_ring, minmay_close_crescents, uniq_ijyb,
          uniq_blork_the_orc
D:5:      layout_gridville, kennysheep_mini, grunt_temple_overflow_open
D:6:      layout_gridville, lemuel_mausoleum_altar_kikubaaqudgha,
          cheibrodos_worm_habitat, minmay_checkerbox
D:7:      layout_cave_pools, minmay_temple_entry_sparse_star, serial_shops,
          shop, small_statue_intersection, item_on_display_a, uniq_duvessa
D:8:      layout_layer_cave, mainiacjoe_overflow_catwalk, enter_bailey_3
D:9:      layout_irregular_city, mainiacjoe_overflow_small_starburst,
          hiddenorc1_lemuel, uniq_pikel, uniq_maggie

Skill      XL: |  1  2  3  4  5  6  7  8  9 10 11 |
---------------+----------------------------------+-----
Stealth        | 1 3 4 5 6 7 8 9 |  9.4
Short Blades   | 1 2 3 4 5 6 |  6.6
Fighting       | 2 3 4 |  4.7
Dodging        | 3 4 6 |  6.5
Throwing       | 1 2 3 |  3.0
Shapeshifting  | 4 5 6 |  6.3
Necromancy     | 2 4 5 |  5.2
Conjurations   | 2 3 4 5 |  5.0
Spellcasting   | 1 2 3 4 |  4.0
Shields        | 1 |  1.6
Unarmed Combat | |  3.9

Action                     |  1- 3 |  4- 6 |  7- 9 | 10-12 || total
---------------------------+-------+-------+-------+-------++-------
  Melee: Unarmed           |    48 |       |       |       ||    48
         Constrict         |    17 |    16 |    59 |    59 ||   151
         Tentacles         |    14 |    17 |    82 |    81 ||   194
         Dagger            |    24 |    88 |   253 |   277 ||   642
         Punch             |       |     5 |    10 |     9 ||    24
  Throw: Dart              |       |     4 |    17 |    26 ||    47
 Invoke: Curse Item        |       |       |     1 |     2 ||     3
  Evoke: Wand              |       |       |       |     1 ||     1
    Use: Potion            |       |     1 |       |       ||     1
         Scroll            |       |       |     1 |       ||     1
   Stab: Sleeping          |     6 |    13 |    14 |    17 ||    50
         Distracted        |       |     1 |     1 |     1 ||     3
 Armour: Skin              |    31 |    47 |    81 |   102 ||   261
  Dodge: Dodged            |    41 |    27 |   104 |    95 ||   267
  Block: Kite shield       |       |       |       |    48 ||    48
